 Dungeon Crawl Stone Soup version 0.18.1-50-g88ac8fd (webtiles) character file.

758 ololoev the Thaumaturge (level 7, -4/36 HPs)
             Began as a Deep Elf Earth Elementalist on Dec 2, 2016.
             Was a Follower of Vehumet.
             Slain by a hill giant
             ... wielding a cursed -3 giant spiked club
              (21 damage)
             ... on level 5 of the Dungeon.
             The game lasted 00:18:20 (1832 turns).

ololoev the Thaumaturge (DEEE)                      Turns: 1832, Time: 00:18:21

Health: -4/36      AC:  2    Str:  5    XL:     7   Next: 50%
Magic:  7/22       EV: 13    Int: 22    God:    Vehumet [*.....]
Gold:   135        SH:  0    Dex: 15    Spells: 5 memorised, 10 levels left

rFire  . . .     SeeInvis .     b - 33 stones
rCold  . . .     Gourm    .     t - +0 robe
rNeg   + . .     Faith    .     (no shield)
rPois  .         Spirit   .     (no helmet)
rElec  .         Dismiss  .     (no cloak)
rCorr  .         Reflect  .     (no gloves)
SustAt +         Harm     .     (no boots)
MR     .....                    (no amulet)
Stlth  ++........               o - ring of sustain attributes
                                h - ring of positive energy

@: not resistant to hostile enchantments, unstealthy
A: no striking features
a: Renounce Religion

Inventory:

Hand Weapons
 a - a +0 blowgun
 w - a +2 spear of freezing
Missiles
 b - 33 stones (in hand)
 u - 22 poisoned needles
Armour
 t - a +0 robe (worn)
Jewellery
 h - a ring of positive energy (left hand)
 o - a ring of sustain attributes (right hand)
Wands
 f - a wand of slowing (10/48)
 m - a wand of flame (33/48)
Scrolls
 j - a scroll of noise {unknown}
 k - 3 scrolls of remove curse
 n - a scroll of enchant weapon {unknown}
 s - a scroll of blinking {unknown}
 v - a scroll of identify
 y - a scroll of random uselessness {unknown}
Potions
 e - a potion of heal wounds
 g - a potion of brilliance {unknown}
 l - a potion of invisibility {unknown}
 q - a potion of degeneration {unknown}
 x - a potion of cure mutation {unknown}
Books
 c - a book of Geomancy

   Spells                             Type                      Level
   a - Sandblast                      Earth                        1
   b - Passwall                       Transmutation/Earth          2
   c - Stone Arrow                    Conjuration/Earth            3
   d - Petrify                        Transmutation/Earth          4
   e - Lee's Rapid Deconstruction     Earth                        5
Comestibles
 d - 4 bread rations
 i - 3 chunks of flesh
 p - 2 meat rations
 r - a beef jerky


   Skills:
 - Level 2.4 Dodging
 - Level 2.4 Stealth
 * Level 9.7 Spellcasting
 - Level 1.1 Transmutations
 + Level 5.8 Earth Magic


You had 10 spell levels left.
You knew the following spells:

 Your Spells              Type           Power        Failure   Level  Hunger
a - Sandblast             Erth           #####.       1%          1    None
b - Stone Arrow           Conj/Erth      ###...       8%          3    None
c - Lee's Rapid Deconstr  Erth           #####.....   17%         5    ####...
d - Petrify               Trmt/Erth      ####....     17%         4    ##.....
w - Passwall              Trmt/Erth      ####......   2%          2    None


You were on level 5 of the Dungeon.
You worshipped Vehumet.
Vehumet was aware of your devotion.
You were hungry.

You visited 1 branch of the dungeon, and saw 5 of its levels.
You also visited: Sewer.

You collected 135 gold pieces.

#.....##......#..#......#
#......#..)...#..#......#
#......#..#####..#####..#
#......#......#..#......#
##......#......#..#......#
...##'#.#####..#..#..#####
...#..#.# #..#..#..#.).#
...'..#.# #..#Co#..#.8.#
...#..#.#=.('..#@.#..†...#
...#..#.########..########
...####.......#..))'.....#
#.............######.....#
#........................#
+...................######
#......#######......#
....>. +......# ##....
#......#

Notes
Turn   | Place    | Note
--------------------------------------------------------------
     0 | D:1      | ololoev the Deep Elf Earth Elementalist began the quest for the Orb.
     0 | D:1      | Reached XP level 1. HP: 10/10 MP: 6/6
    62 | D:2      | Found a sparkling altar of Nemelex Xobeh.
   145 | D:2      | Reached skill level 4 in Spellcasting
   145 | D:2      | Reached XP level 2. HP: 15/15 MP: 3/9
   157 | D:2      | Found a shattered altar of Ashenzari.
   166 | D:2      | Found a basalt altar of Yredelemnul.
   211 | D:2      | Found an opulent altar of Gozag.
   254 | D:3      | Found a glowing golden altar of the Shining One.
   272 | D:3      | Became a worshipper of the Shining One
   279 | D:3      | Reached XP level 3. HP: 18/19 MP: 6/11
   374 | D:3      | Learned a level 2 spell: Passwall
   388 | D:3      | Reached skill level 5 in Spellcasting
   389 | D:3      | Oozefury: hi
   393 | D:3      | Learned a level 3 spell: Stone Arrow
   393 | D:3      | ololoev: hi
   547 | D:3      | Found a radiant altar of Vehumet.
   554 | D:3      | Fell from the grace of the Shining One
   554 | D:3      | Became a worshipper of Vehumet
   575 | D:3      | Reached XP level 4. HP: 1/24 MP: 3/13
   781 | D:3      | Reached skill level 6 in Spellcasting
   891 | D:4      | Reached XP level 5. HP: 28/28 MP: 8/15
   949 | D:4      | Found Atsiyx's Antique Weapon Shop.
  1054 | D:4      | Found an ancient bone altar of Kikubaaqudgha.
  1167 | D:4      | Noticed an ogre
  1196 | D:4      | Killed an ogre
  1196 | D:4      | Reached skill level 7 in Spellcasting
  1196 | D:4      | Reached XP level 6. HP: 3/32 MP: 2/18
  1275 | D:4      | Reached * piety under Vehumet
  1275 | D:4      | Offered knowledge of Shock by Vehumet.
  1301 | D:4      | Found a glowing drain.
  1345 | Sewer    | Entered a sewer
  1345 | Sewer    | Noticed petervk's ghost (novice MfSk)
  1402 | D:5      | Entered Level 5 of the Dungeon
  1497 | D:5      | HP: 1/32 [centaur/arrow (10)]
  1504 | D:5      | Reached skill level 5 in Earth Magic
  1536 | D:5      | Noticed an ice beast
  1551 | D:5      | Learned a level 5 spell: Lee's Rapid Deconstruction
  1559 | D:5      | Learned a level 4 spell: Petrify
  1563 | D:5      | Killed an ice beast
  1563 | D:5      | Reached skill level 8 in Spellcasting
  1627 | D:5      | Noticed a hill giant
  1678 | D:5      | Reached XP level 7. HP: 33/36 MP: 17/21
  1699 | D:5      | Reached skill level 9 in Spellcasting
  1832 | D:5      | Slain by a hill giant

Dungeon Overview and Level Annotations

Branches:
Dungeon (5/15)
 Temple: D:4-7

Altars:
Ashenzari
Gozag
Kikubaaqudgha
Nemelex Xobeh
Vehumet
Yredelemnul
The Shining One

Shops:
D:4 (


Message History

Evoking this partially-identified wand wasted a few charges.
You see here a leather armour.
Evoke which item? (* to show all) (? for menu, Esc to quit)
Zapping:
f - a wand of slowing {zapped: 5} (will waste charges)
Press: ? - help, Shift-Dir - straight line, f/p - hill giant
Aim: a hill giant, wielding a giant spiked club (slow, chance to defeat MR: 34%)
The hill giant easily resists.
Evoking this partially-identified wand wasted a few charges.
Evoke which item? (* to show all) (? for menu, Esc to quit)
Zapping:
f - a wand of slowing {zapped: 7} (will waste charges)
Press: ? - help, Shift-Dir - straight line, f/p - hill giant
Aim: a hill giant, wielding a giant spiked club (slow, chance to defeat MR: 34%)
The hill giant easily resists.
Evoking this partially-identified wand wasted a few charges.
Evoke which item? (* to show all) (? for menu, Esc to quit)
Okay, then.
Casting: Sandblast
Confirm with . or Enter, or press ? or * to list all spells.
Aiming: Stone Arrow
Press: ? - help, Shift-Dir - straight line, f/p - hill giant
Aim: a hill giant, wielding a giant spiked club (slow)
The stone arrow hits the hill giant.
The hill giant is moderately wounded.
Casting: Stone Arrow
Confirm with . or Enter, or press ? or * to list all spells.
Aiming: Stone Arrow
Press: ? - help, Shift-Dir - straight line, f/p - hill giant
Aim: a hill giant, wielding a giant spiked club (moderately wounded, slow)
The stone arrow hits the hill giant.
The hill giant is moderately wounded.
Casting: Stone Arrow
Confirm with . or Enter, or press ? or * to list all spells.
Aiming: Stone Arrow
Press: ? - help, Shift-Dir - straight line, f/p - hill giant
Aim: a hill giant, wielding a giant spiked club (moderately wounded, slow)
The stone arrow hits the hill giant.
The hill giant is heavily wounded.
The hill giant is no longer moving slowly.
Evoke which item? (* to show all) (? for menu, Esc to quit)
Zapping:
f - a wand of slowing {zapped: 10} (will waste charges)
Press: ? - help, Shift-Dir - straight line, f/p - hill giant
Aim: a hill giant, wielding a giant spiked club (heavily wounded, chance to defeat MR: 34%)
The hill giant easily resists.
Evoking this partially-identified wand wasted a few charges.
An orc comes into view. It is wielding a club.
The orc shouts!
Evoke which item? (* to show all) (? for menu, Esc to quit)
Okay, then.
You are feeling hungry.
The orc misses you. The orc hits you with a club.
An orc priest comes into view. It is wielding a mace.
An orc wizard comes into view. It is wielding a dagger.
Drink which item? (? for menu, Esc to quit)
Okay, then.
Casting: Stone Arrow
Confirm with . or Enter, or press ? or * to list all spells.
Aiming: Lee's Rapid Deconstruction
Press: ? - help, Dir - move target cursor, p - hill giant The metal wall shatters!
The blast of metal fragments hits the hill giant.
The hill giant is almost dead.
You hear a shout!
Unknown command.
Casting: Lee's Rapid Deconstruction
Confirm with . or Enter, or press ? or * to list all spells.
Aiming: Lee's Rapid Deconstruction
Press: ? - help, Dir - move target cursor The metal wall shatters!
The blast of metal fragments hits the orc priest.
You kill the orc priest!
Vehumet accepts your kill.
You feel your power returning.
The blast of metal fragments hits the orc wizard.
You kill the orc wizard!
Vehumet accepts your kill. The orc hits you with a club.
The hill giant hits you with a giant spiked club!!
Ouch! That really hurt!
You die...

You could see a hill giant and an orc.

Vanquished Creatures
  An ice beast (D:5)
  An ogre (D:4)
  A centaur (D:5)
  A giant frog (D:5)
  A crimson imp (D:5)
  3 orc priests
  A jelly (D:5)
  An iguana (D:5)
  An orc wizard (D:5)
  A giant frog skeleton (D:5)
  A worker ant (D:5)
  A hound skeleton (D:5)
  4 gnolls
  5 adders
  4 worms
  2 dart slugs
  6 giant geckos (D:4)
  8 orcs
  4 giant cockroaches
  A goblin (D:3)
  2 hobgoblins (D:3)
  3 jackals
  A quokka (D:5)
  5 ball pythons (D:3)
  A ball python skeleton (D:4)
  4 bats
  A giant gecko skeleton (D:5)
  4 giant newts
  A jackal skeleton (D:5)
  5 kobolds
  A quokka skeleton (D:4)
  4 rats
80 creatures vanquished.

Action                   |  1- 3 |  4- 6 |  7- 9 || total
-------------------------+-------+-------+-------++-------
 Fire: Blowgun           |       |    41 |       ||    41
 Cast: Sandblast         |    43 |    29 |    22 ||    94
       Stone Arrow       |     1 |    22 |     3 ||    26
       Lee's Rapid Decon |       |       |     2 ||     2
Evoke: Wand              |       |       |     5 ||     5
  Use: Scroll            |       |     4 |       ||     4
       Potion            |       |     2 |       ||     2
  Eat: Chunk             |       |     3 |       ||     3
Armor: Robe              |     2 |     1 |     1 ||     4
Dodge: Dodged            |    18 |    11 |     8 ||    37

Vault maps used:
D:1:      minmay_arrival_jagged
D:2:      kennysheep_ying_yang, lemuel_crystal_altar, old_standard_altar,
          old_standard_altar
D:3:      nicolae_overflow_crystal_walls, overflow_temple_1_default,
          minmay_shallow_snake_nest
D:4:      kennysheep_little_box, serial_shops, kennysheep_mini_moat,
          gup_sewer_entry_pipe
D:5:      kennysheep_windowed_halls, first_bread
Sewer:    sewer_co_tree
